 Dungeon Crawl Stone Soup version 0.21.1-1-g345015fe64 (webtiles) character file.

856 ILYA101 the Magician (level 7, -3/48 HPs)
             Began as a Mummy Conjurer on July 13, 2018.
             Was an Initiate of Sif Muna.
             Shot with an arrow by a centaur (10 damage)
             ... on level 5 of the Dungeon.
             The game lasted 00:36:01 (7620 turns).

ILYA101 the Magician (Mummy Conjurer)               Turns: 7620, Time: 00:36:01

Health: -3/48      AC:  3    Str: 12    XL:     7   Next: 70%
Magic:  6/16       EV: 13    Int: 16    God:    Sif Muna [......]
Gold:   296        SH:  0    Dex: 12    Spells: 8/18 levels left

rFire    x . .     SeeInvis .   f - +0 spear
rCold    + . .     Gourm    .   (no shield)
rNeg     + + +     Faith    .   a - +1 robe
rPois    ∞         Spirit   .   (no helmet)
rElec    .         Reflect  .   (no cloak)
rCorr    .         Harm     .   (no gloves)
MR       .....                  (no boots)
Stlth    ++........             (no amulet)
HPRegen  0.16/turn              (no ring)
MPRegen  0.15/turn              (no ring)

@: no status effects
A: no food or potions, fire vulnerability, cold resistance 1, negative energy
resistance 3, torment resistance, unbreathing
a: Renounce Religion


You were on level 5 of the Dungeon.
You worshipped Sif Muna.
Sif Muna was noncommittal.
You were not hungry.

You visited 2 branches of the dungeon, and saw 6 of its levels.

You collected 296 gold pieces.

Inventory:

Hand Weapons
 f - a +0 spear (weapon)
Armour
 a - a +1 robe (worn)
Jewellery
 h - an uncursed amulet of harm
 i - an uncursed ring of protection from cold
 l - an uncursed ring of teleportation
 q - a +4 ring of intelligence {unknown}
Wands
 g - a wand of acid (12)
Scrolls
 c - 2 scrolls of teleportation
 d - a scroll of enchant armour
 e - a scroll of holy word {unknown}
 j - a scroll of enchant weapon {unknown}
 k - a scroll of fog {unknown}
 m - 3 scrolls of identify
 o - a scroll of magic mapping {unknown}
 p - a scroll of fear {unknown}
 r - a scroll of remove curse
Books
 b - a book of Conjurations

   Spells                             Type                      Level
   a - Magic Dart                     Conjuration                  1
   b - Searing Ray                    Conjuration                  2
   c - Dazzling Spray                 Conjuration/Hexes            3
   d - Fulminant Prism                Conjuration/Hexes            4
   e - Force Lance                    Conjuration/Translocation    4
   f - Iskenderun's Mystic Blast      Conjuration                  4
 n - a book of Maledictions

   Spells                             Type                      Level
   a - Corona                         Hexes                        1
   b - Ensorcelled Hibernation        Hexes/Ice                    2
   c - Confuse                        Hexes                        3
   d - Tukima's Dance                 Hexes                        3
   e - Dazzling Spray                 Conjuration/Hexes            3


   Skills:
 + Level 1.4 Fighting
 + Level 2.0 Polearms
 * Level 3.0 Dodging
 + Level 2.1 Stealth
 * Level 6.1 Spellcasting
 * Level 5.7 Conjurations


You had 8 spell levels left.
You knew the following spells:

 Your Spells              Type           Power        Failure   Level  Hunger
a - Magic Dart            Conj           ###.         1%          1    N/A
b - Searing Ray           Conj           ###...       1%          2    N/A
c - Dazzling Spray        Conj/Hex       ##....       13%         3    N/A
d - Iskenderun's Mystic   Conj           ###.....     13%         4    N/A

Dungeon Overview and Level Annotations

Branches:
Dungeon (5/15)             Temple (1/1) D:5

Altars:
Cheibriados
Fedhas
Hepliaklqana
Kikubaaqudgha
Makhleb
Okawaru
Qazlal
Sif Muna
Trog
Uskayaw
Wu Jian
Zin
The Shining One

Annotations:
D:3 brittlin's ghost, amateur HOFi
D:5 Ijyb


Innate Abilities, Weirdness & Mutations

You do not eat or drink.
Your flesh is vulnerable to fire.
You are immune to poison.
Your flesh is cold resistant. (rC+)
You are immune to negative energy. (rN+++)
You are immune to unholy pain and torment.
You can survive without breathing.


Message History

The centaur closely misses you. The centaur barely misses you.
The centaur wields an uncursed shortbow.
The centaur shoots an arrow.
The arrow hits you!
* * * LOW HITPOINT WARNING * * *
You see here an arrow.
Casting: Searing Ray
Confirm with . or Enter, or press ? or * to list all spells.
Aiming: Searing Ray
Press: ? - help, Shift-Dir - straight line, f/p - orc priest
Aim: an orc priest, wielding a war axe and wearing a ring mail (moderately wounded)
The searing ray hits the orc.
The orc is lightly wounded. (Press . to maintain the ray.)
The searing ray hits Ijyb.
The orc hits you with a falchion.
* * * LOW HITPOINT WARNING * * *
Ijyb completely misses you.
You hear a zap.
Some rock shatters into small pieces.
The orc closely misses you.
The centaur shoots an arrow.
The arrow hits you!
You die...

######## #(.....# #......#
#### #......#########
#..###...>...........
#.o.##........#######
###g..@................
#####...oo....#############
#........c.%..#
#..(#.........#
#.............#
#.............# ♣
#.._..........# .
#.............# .
#..(.?........# .


You could see Ijyb, a centaur, an orc priest and 2 orcs.

Vanquished Creatures
  Eustachio (D:4)
  A sky beast (D:4)
  A water moccasin zombie (D:5)
  2 scorpions
  2 crimson imps
  An orc priest (D:5)
  An orc wizard (D:4)
  A gnoll shaman (D:5)
  2 iguanas (D:4)
  3 gnolls (D:4)
  10 adders
  2 shadow imps (D:4)
  3 oozes
  An adder skeleton (D:3)
  2 worms (D:2)
  A dart slug (D:2)
  5 leopard geckos
  9 orcs
  3 giant cockroaches
  8 goblins
  7 hobgoblins
  17 jackals
  5 kobolds
  2 quokkas
  2 ball pythons
  9 bats
  6 frilled lizards
  3 rats
110 creatures vanquished.

Notes
Turn   | Place    | Note
-------+----------+-------------------------------------------
     0 | D:1      | ILYA101 the Mummy Conjurer began the quest for the Orb.
     0 | D:1      | Reached XP level 1. HP: 13/13 MP: 4/4
   160 | D:1      | Reached XP level 2. HP: 19/19 MP: 3/5
   219 | D:1      | Learned a level 2 spell: Searing Ray
  1016 | D:1      | Reached XP level 3. HP: 24/24 MP: 5/7
  1258 | D:2      | Learned a level 3 spell: Dazzling Spray
  1326 | D:2      | Reached skill level 3 in Spellcasting
  2148 | D:2      | Reached XP level 4. HP: 28/30 MP: 0/9
  2737 | D:3      | Reached skill level 1 in Polearms
  3073 | D:3      | Learned a level 4 spell: Iskenderun's Mystic Blast
  3135 | D:3      | Reached XP level 5. HP: 21/36 MP: 1/10
  3486 | D:3      | Noticed brittlin's ghost (amateur HOFi)
  4530 | D:4      | Found a burning altar of Makhleb.
  4588 | D:4      | Reached skill level 4 in Spellcasting
  5111 | D:4      | Reached XP level 6. HP: 42/42 MP: 7/12
  5348 | D:5      | Entered Level 5 of the Dungeon
  5643 | D:5      | Noticed Eustachio
  5656 | D:4      | Killed Eustachio
  5656 | D:4      | Reached skill level 1 in Fighting
  5656 | D:4      | Reached skill level 5 in Spellcasting
  5781 | D:4      | Reached skill level 5 in Conjurations
  6216 | D:4      | Reached XP level 7. HP: 38/48 MP: 4/15
  6746 | D:5      | Found a staircase to the Ecumenical Temple.
  7137 | Temple   | Entered the Ecumenical Temple
  7374 | Temple   | Became a worshipper of Sif Muna the Loreminder
  7496 | D:5      | Reached skill level 6 in Spellcasting
  7577 | D:5      | Found a glowing golden altar of the Shining One.
  7592 | D:5      | Noticed Ijyb
  7620 | D:5      | Shot with an arrow by a centaur

Skill      XL: |  1  2  3  4  5  6  7 |
---------------+----------------------+-----
Spellcasting   | 3 4 5 6 |  6.1
Conjurations   | 4 5 |  5.7
Dodging        | 2 3 |  3.0
Polearms       | 1 2 |  2.0
Fighting       | 1 |  1.4
Stealth        | 2 |  2.1

Action                   |  1- 3 |  4- 6 |  7- 9 || total
-------------------------+-------+-------+-------++-------
Melee: Unarmed           |     7 |       |       ||     7
       Spear             |    38 |    46 |    11 ||    95
 Cast: Magic Dart        |   101 |   101 |    42 ||   244
       Searing Ray       |     3 |    21 |    12 ||    36
       Dazzling Spray    |     1 |       |     2 ||     3
       Iskenderun's Myst |       |    12 |       ||    12
  Use: Scroll            |       |     6 |       ||     6
Armor: Robe              |     9 |    39 |     9 ||    57
Dodge: Dodged            |    40 |    97 |    46 ||   183
